 Dungeon Crawl Stone Soup version 0.31-a0-1620-gcbf77bbcfc (webtiles) character file.

Game seed: 13720445636637619132

255772 Flugslaktarn the Slayer (level 18, -10/185 HPs)
             Began as a Minotaur Fighter on Jan 11, 2024.
             Was the Champion of Cheibriados.
             Blown up by a lich (67 damage)
             ... with an orb of destruction
             ... on level 4 of the Abyss.
             The game lasted 00:19:36 (33777 turns).

Flugslaktarn the Slayer (Minotaur Fighter)         Turns: 33777, Time: 00:19:37

Health: -10/185    AC: 33    Str: 39 (40) XL:     18   Next: 77%
Magic:  21/35      EV: 24    Int: 17      God:    Cheibriados [******]
Gold:   2599       SH: 29    Dex: 32 (33) Spells: 17/17 levels left

rFire   . . .        a - +9 broad axe (drain)
rCold   + . .        Q - +0 tower shield {reflect}
rNeg    . . .        F - +6 chain mail "Tulinocs" {Str-5 Int-3 Slay+6 SInv}
rPois   .            Z - +0 hat of Pandemonium {*Corrode Fly MP+9 Dex+9}
rElec   .            J - +2 cloak
rCorr   .            e - +2 pair of gloves
SInv    +            Y - +2 pair of boots {Stlth+}
Will    ++...        G - amulet of reflection
Stlth   +            c - ring of protection from cold
HPRegen 0.00/turn    m - ring of willpower
MPRegen 0.24/turn

%: corrode self (3%), reflection
@: lethally poisoned (-10 -> -62), sick, flying, studying Shields, very slow
A: horns 2, retaliatory headbutt, deterioration 1, mutation resistance 1,
screaming 1, shaggy fur 1
}: 2/15 runes: decaying, serpentine
a: Renounce Religion, Bend Time, Temporal Distortion, Slouch, Step From Time


You were on level 4 of the Abyss.
You worshipped Cheibriados.
Cheibriados was exalted by your worship.
You visited 7 branches of the dungeon, and saw 35 of its levels.
You visited the Abyss 1 time.
You visited 1 bazaar.

You collected 3340 gold pieces.
You spent 741 gold pieces at shops.

Inventory:

Hand Weapons
 a - a +9 broad axe of draining (weapon)
   (You took it off a hell knight on level 4 of the Depths)
 b - a +1 falchion of distortion
   (You took it off a wight on level 9 of the Dungeon)
Missiles
 P - 5 throwing nets (quivered)
Armour
 e - a +2 pair of gloves (worn)
   (You found it on level 2 of the Dungeon)
 D - a +0 hat
   (You found it on level 5 of the Dungeon)
 F - the +6 chain mail "Tulinocs" (worn) {Str-5 Int-3 Slay+6 SInv}
   (You found it on level 8 of the Dungeon)

   Str-5:     It affects your strength (-5).
   Int-3:     It affects your intelligence (-3).
   Slay+6:    It affects your accuracy & damage with ranged weapons and melee
   (+6).
   SInv:      It lets you see invisible.
 J - a +2 cloak (worn)
   (You took it off Maurice on level 9 of the Dungeon)
 Q - a +0 tower shield of reflection (worn)
   (You took it off a naga warrior on level 4 of the Snake Pit)
 Y - a +2 pair of boots of stealth (worn)
   (You bought it in a shop in a bazaar)
 Z - the +0 hat of Pandemonium (worn) {*Corrode Fly MP+9 Dex+9}
   (You found it on level 15 of the Dungeon)

   Dex+9:     It affects your dexterity (+9).
   MP+9:      It affects your magic capacity (+9).
   Fly:       It grants you flight.
   *Corrode:  It may corrode you when you take damage.
Jewellery
 c - a ring of protection from cold (left hand)
   (You found it on level 10 of the Dungeon)
 i - a ring of see invisible
   (You found it on level 3 of the Dungeon)
 k - an amulet of the acrobat
   (You found it on level 6 of the Dungeon)
 l - a ring of flight
   (You found it on level 2 of the Dungeon)
 m - a ring of willpower (right hand)
   (You acquired it on level 15 of the Dungeon)
 o - a ring of poison resistance
   (You found it on level 9 of the Dungeon)
 p - a +4 ring of protection
   (You found it on level 4 of the Dungeon)
 v - a +5 ring of evasion
   (You found it on level 2 of the Dungeon)
 G - an amulet of reflection (around neck)
   (You found it on level 2 of the Dungeon)
 V - a +4 ring of protection
   (You found it on level 4 of the Swamp)
Wands
 g - a wand of digging (2)
   (You found it on level 3 of the Dungeon)
 j - a wand of light (25)
   (You found it on level 1 of the Lair of Beasts)
 y - a wand of mindburst (31)
   (You found it on level 4 of the Dungeon)
 I - a wand of roots (13)
   (You took it off Maurice on level 9 of the Dungeon)
 L - a wand of paralysis (56)
   (You took it off a gnoll on level 6 of the Dungeon)
Scrolls
 r - a scroll of identify
 t - 4 scrolls of teleportation
 u - 6 scrolls of fear
 x - 4 scrolls of revelation
 z - 5 scrolls of blinking
 C - a scroll of silence
 E - a scroll of immolation
 H - 5 scrolls of fog
 K - 3 scrolls of summoning
 S - 7 scrolls of enchant armour
Potions
 d - 4 potions of might
 h - 3 potions of haste
 n - a potion of resistance
 q - 7 potions of curing
 s - a potion of invisibility
 w - 6 potions of heal wounds
 A - 6 potions of enlightenment
 B - 12 potions of ambrosia
 N - 3 potions of magic
 O - 6 potions of mutation
 R - a potion of berserk rage
 U - 7 potions of lignification
Miscellaneous
 M - a box of beasts
   (You found it on level 3 of the Snake Pit)
 T - a lightning rod (4/4)
   (You found it on level 1 of the Orcish Mines)


   Skills:
 + Level 22.5 Fighting
 - Level 18.0 Axes
 + Level 18.6 Armour
 + Level 13.9 Dodging
 - Level 15.0 Shields
 - Level 12.0 Invocations


You had 17 spell levels left.
You didn't know any spells.
Your spell library contained the following spells:

 Spells                   Type           Power      Damage    Failure   Level
 Apportation              Tloc           0%         N/A       63%         1
 Foxfire                  Conj/Fire      0%         2x1d4     63%         1
 Magic Dart               Conj           0%         1d3       63%         1
 Necrotise                Necr           0%         1d4       63%         1
 Sandblast                Erth           0%         2d4       63%         1
 Sting                    Conj/Alch      0%         1d3       63%         1
 Summon Small Mammal      Summ           0%         N/A       63%         1
 Blink                    Tloc           0%         N/A       77%         2
 Call Imp                 Summ           0%         N/A       77%         2
 Ensorcelled Hibernation  Hex/Ice        0%         N/A       77%         2
 Sublimation of Blood     Necr           0%         N/A       77%         2
 Fugue of the Fallen      Necr           0%         N/A       94%         3
 Ozocubu's Armour         Ice            0%         N/A       94%         3
 Passwall                 Erth           0%         N/A       94%         3
 Stone Arrow              Conj/Erth      0%         3d7       94%         3
 Swiftness                Air            0%         N/A       94%         3
 Brom's Barrelling Bould  Conj/Erth      0%         2d3       100%        4
 Cause Fear               Hex            0%         N/A       100%        4
 Manifold Assault         Tloc           0%         N/A       100%        4
 Petrify                  Alch/Erth      0%         N/A       100%        4
 Fireball                 Conj/Fire      0%         3d3       100%        5
 Irradiate                Conj/Alch      0%         3d11      100%        5
 Iskenderun's Battlesphe  Conj           0%         2d6       100%        5
 Bombard                  Conj/Erth      0%         9d1       100%        6
 Plasma Beam              Fire/Air       0%         2x1d10    100%        6
 Starburst                Conj/Fire      0%         6d3       100%        6
 Spellforged Servitor     Conj/Summ      0%         N/A       100%        7
 Dragon's Call            Summ           0%         N/A       100%        9


Dungeon Overview and Level Annotations

Branches:
Dungeon (15/15)            Temple (1/1) D:6            Lair (5/5) D:11
  Swamp (4/4) Lair:3        Snake (4/4) Lair:3        Slime (0/5) Lair:4
    Orc (2/2) D:10            Elf (0/3) Orc:2        Vaults (0/5) D:13
 Depths (4/4) D:15            Zot (0/5) Depths:4

Altars:
Ashenzari
Cheibriados
Dithmenos
Elyvilon
Fedhas
Gozag
Hepliaklqana
Kikubaaqudgha
Makhleb
Nemelex Xobeh
Okawaru
Qazlal
Ru
Sif Muna
Trog
Uskayaw
Vehumet
Wu Jian
Xom
Yredelemnul
Zin
The Shining One
Jiyva

Shops:
D:7 *   D:14 *   Orc:2 (**   Snake:4 (

Portals:
Hell: Depths:3 Depths:4
Abyss: Depths:1 Depths:3 Depths:4
Ziggurat: Depths:4
Trove: D:11 (give +3 gold dragon scales)

Annotations:
D:4 1 runed translucent door, Crazy Yiuf
Snake:4 3 runed translucent doors
Depths:2 Josephina
Depths:3 exclusion: 4 doors


Innate Abilities, Weirdness & Mutations

You have a pair of horns on your head.
You reflexively headbutt those who attack you in melee.
Your body sometimes deteriorates upon taking damage.
You are somewhat resistant to further mutation.
You occasionally shout uncontrollably at your foes.
You are covered in fur. (AC +1)


Message History

You block the profane servitor's attack. x2
The lich gestures wildly while chanting.
The lich seems to speed up.
The lich gestures wildly while chanting.
The lich seems to speed up.
You closely miss the chaos spawn.
The chaos spawn is severely wounded.
You miss the profane servitor. You slice the lich!!
You closely miss the small abomination. You block the chaos spawn's attack.
You block the profane servitor's attack.
The profane servitor hits you with a +2 whip of electrocution.
The small abomination completely misses you.
You furiously retaliate!
You headbutt the small abomination!! You block the lich's attack.
The lich mumbles some strange words.
The lich seems to speed up.
You can feel time thicken for a moment.
You kill the fire bat!
Cheibriados thoroughly appreciates the change of pace.
You destroy the small abomination!
Cheibriados appreciates the change of pace.
You kill the chaos spawn!
Cheibriados appreciates the change of pace.
The chaos spawn degenerates into a cloud of primal chaos!
The profane servitor hits you but does no damage.
You are electrocuted!!
Your body deteriorates!
You feel weakened.
The profane servitor hits you but does no damage.
You are electrocuted!
The profane servitor hits you with a +2 whip of electrocution.
The profane servitor draws strength from your injuries!
The profane servitor hits you but does no damage.
You are electrocuted!
You block the lich's attack.
A large abomination comes into view.
You slice the profane servitor!!
Your headbutt misses the profane servitor.
The profane servitor is heavily damaged.
You slice the green death!! You hit the lich.
The lich gestures wildly while chanting.
The lich flickers and vanishes for a moment.
You block the profane servitor's attack.
The profane servitor hits you but does no damage.
The lich points at you and mumbles some strange words.
The bolt of cold hits the lich.
The lich resists.
The bolt of cold misses you.
You slash the lich!
The lich is severely damaged.
You slash the profane servitor! You slash the green death!
The profane servitor hits you but does no damage.
You are electrocuted!
You block the profane servitor's attack.
The lich completely misses you.
A dread lich comes into view.
The green death gestures at you. The blast of poison misses you.
You hit the profane servitor.
The profane servitor is severely damaged.
You barely miss the green death. You closely miss the lich.
You are engulfed in poison gas.
You are poisoned.
You feel very sick.
You block the profane servitor's attack. x2
The lich points at you and mumbles some strange words.
The bolt of cold hits the lich.
The lich resists.
The bolt of cold misses you. You block the lich's attack.
The dread lich casts a spell.
An ice dragon comes into view.
You block the profane servitor's attack.
The profane servitor misses you.
You can feel time thicken for a moment.
You destroy the lich!
Cheibriados appreciates the change of pace.
You kill the green death!
Cheibriados appreciates the change of pace.
You destroy the lich!
Cheibriados appreciates the change of pace.
You kill the Executioner!
The Executioner disappears in a puff of smoke!
You are engulfed in poison gas.
You are more poisoned.
You feel very sick.
The ice dragon is no longer weakened.
The lich launches a ball of destructive magic.
The dread lich gestures wildly while chanting.
You block the profane servitor's attack.
The profane servitor misses you. You block the lich's attack.
An orb of destruction comes into view.
You can feel time thicken for a moment.
You destroy the profane servitor!
Cheibriados thoroughly appreciates the change of pace.
You destroy the lich!
Cheibriados appreciates the change of pace.
You destroy the lich!
Cheibriados appreciates the change of pace.
You kill the ice dragon!
Cheibriados appreciates the change of pace.
The ice dragon scales are intact enough to wear.
You are engulfed in poison gas.
You are more poisoned.
You feel extremely sick.
A lich comes into view.
The orb of destruction hits you!!!
You die...

..#... . . #...
#... ⌠ ⌠######..
###. # ''
#⌠.⌠..#...#....#
... #⌠.⌠#.#.#. .. #
.... #.⌠.X # ####.
..§§§ #○°#
#....###.
#..§.°##○#.⌠###....
... #.§§§°@#.##⌠#
.....# . ##..○○°##
##.. # #... ##.°#○°
## .#.. .#.
#...'L#' ..# # ##.
#.# .'[. #. .## #⌠
###§L. #. #... ⌠
.2. # #. . # ..##
### # ##.. ' ..# #.


You could see a dread lich, a cacodemon (summoned), a lich and a large
abomination.

Vanquished Creatures
  A profane servitor (Abyss:4)
  4 liches (Abyss:4)
  A sphinx (Depths:4)
  A tentacled starspawn (Abyss:4)
  The ghost of Ifijom the Brawler, an adept NaSh of Uskayaw (D:15)
  A thorn hunter (Swamp:2)
  A shadow dragon (Depths:4)
  A storm dragon (Depths:4)
  14 nagarajas (Snake:4)
  2 fire giants (Depths:3)
  A draconian knight (Depths:4)
  2 frost giants
  6 very ugly things
  2 stone giants
  3 eleionomae
  A yellow draconian (Depths:4)
  2 bunyips
  A black draconian (Depths:4)
  A red draconian (Depths:4)
  A white draconian (Depths:4)
  The ghost of Kely the Martial Artist, a journeyman OpSh of Cheibriados (Lair:4)
  A green death (Abyss:4)
  5 ettins
  7 fire dragons
  2 entropy weavers (shapeshifter)
  2 shambling mangroves (Swamp:4)
  20 hydras
  Fannar (Lair:1)
  3 ice dragons
  Harold (D:10)
  Erolcha (D:10)
  A ghost crab (Swamp:4)
  A salamander tyrant (Snake:4)
  A spriggan air mage (Depths:1)
  2 anacondas (Snake:4)
  4 two-headed ogres
  7 centaur warriors
  A boulder beetle (Lair:3)
  13 naga warriors
  4 deep troll shamans (Depths:3)
  2 tengu warriors
  4 thrashing horrors (Abyss:4)
  2 shock serpents
  2 hell hogs (Abyss:4)
  3 occultists
  6 death yaks (Lair:5)
  4 naga sharpshooters
  3 spriggan berserkers
  A titan zombie (Abyss:4)
  23 hell knights
  Amaemon (Lair:1)
  Nergalle (D:12)
  3 iron trolls (Depths:3)
  10 skeletal warriors
  A wretched star (Abyss:4)
  A skyshark (Lair:4)
  4 salamander mystics (Snake:4)
  3 deep trolls (Depths:3)
  2 goliath frogs
  5 mana vipers (Snake:4)
  A mana viper (shapeshifter) (D:13)
  3 spriggan druids (Swamp:4)
  2 naga ritualists (Snake:4)
  A glowing orange brain (Depths:3)
  6 bog bodies
  5 orc knights
  A lindwurm (Lair:5)
  A spectral hydra (Lair:4)
  A phantasmal warrior (D:13)
  7 swamp dragons
  2 deep elf pyromancers
  4 necromancers
  Pikel (D:9)
  8 orc sorcerers (Orc:2)
  31 ugly things
  16 cyclopes
  Maurice (D:9)
  An elephant (D:11)
  3 large abominations (Abyss:4)
  8 salamanders
  3 meliai (D:15)
  2 torpor snails (Lair:2)
  18 black mambas
  A smoke demon (D:13)
  2 kobold blastminers (Orc:2)
  3 molten gargoyles (Lair:5)
  11 naga magi
  7 guardian serpents (Snake:4)
  10 cane toads
  3 orange demons
  A rime drake (Lair:4)
  An unseen horror (D:12)
  3 freezing wraiths
  15 komodo dragons
  A tengu conjurer (D:15)
  2 efreet (Abyss:4)
  An ancient zyme (Abyss:4)
  Psyche (D:8)
  A queen bee (D:15)
  3 tyrant leeches (Swamp:1)
  6 trolls
  8 hornets
  7 raiju (Abyss:4)
  Grinder (D:3)
  38 blink frogs
  13 slime creatures
  5 dream sheep
  5 water elementals
  A vampire (D:11)
  2 shadows
  4 centaur simulacra (D:13)
  5 wraiths
  5 spriggans
  68 yaks
  A spectral komodo dragon (Lair:4)
  3 wyverns
  9 basilisks
  3 fire bats (Abyss:4)
  2 steam dragons
  Grum (D:10)
  A steam dragon (shapeshifter) (D:13)
  8 wargs
  8 vampire mosquitoes
  2 chaos spawn (Abyss:4)
  Menkaure (D:6)
  A small abomination (Abyss:4)
  4 swamp worms
  27 nagas
  5 acid dragons
  5 hell hounds (Lair:5)
  20 water moccasins
  A sky beast (D:6)
  16 orc warriors
  3 black bears
  11 swamp drakes
  An ice beast (D:13)
  12 ogres
  A spriggan simulacrum (Depths:2)
  A crocodile (shapeshifter) (Depths:4)
  A laughing skull (Abyss:4)
  10 centaurs
  24 wolves
  A tengu (shapeshifter) (D:13)
  A boulder beetle simulacrum (Lair:4)
  A phantom (D:5)
  Blork the orc (D:6)
  5 kobold brigands
  16 bullfrogs
  A scorpion (D:4)
  2 gnoll sergeants
  2 cane toad simulacra (Lair:4)
  A human simulacrum (Depths:2)
  8 wights
  38 killer bees
  An electric eel (D:13)
  2 howler monkeys (D:11)
  8 lava snakes
  4 jellies
  A komodo dragon simulacrum (Lair:4)
  A gnoll bouda (D:6)
  A bombardier beetle (D:2)
  5 hounds
  14 orc priests
  4 iguanas
  A sleepcap (D:4)
  23 orc wizards
  2 hell rats (Lair:5)
  21 gnolls
  7 river rats (Lair:5)
  10 adders
  A shadow imp (D:5)
  2 white imps (D:13)
  3 ufetubi
  2 dart slugs
  A ribbon worm (D:4)
  83 orcs
  4 bats (D:1)
  4 endoplasms
  4 giant cockroaches
  A goblin (D:2)
  9 hobgoblins
  3 jackals (D:2)
  A quokka (D:2)
  6 ball pythons
  4 frilled lizards
  21 kobolds
  8 rats
  2 starspawn tentacles (Abyss:4)
1089 creatures vanquished.

Vanquished Creatures (others)
  2 ogre magi (Abyss:4)
  A necromancer (Depths:1)
  An unseen horror (D:13)
  A fire bat (Abyss:4)
  4 chaos spawn (Abyss:4)
  2 swamp drakes (Swamp:4)
  3 orc wizards (Orc:2)
  An orc (Orc:2)
  A lurking horror (Abyss:4)
16 creatures vanquished.

Grand Total: 1105 creatures vanquished

Notes
Turn   | Place    | Note
-------+----------+-------------------------------------------
     0 | D:1      | Flugslaktarn the Minotaur Fighter began the quest for the
                  | Orb.
     0 | D:1      | Reached XP level 1. HP: 19/19 MP: 0/0
   162 | D:1      | Reached XP level 2. HP: 27/27 MP: 1/1
   344 | D:1      | Reached skill level 4 in Fighting
   885 | D:2      | Found a blossoming altar of Fedhas.
   959 | D:2      | Noticed a bombardier beetle
   963 | D:2      | Killed a bombardier beetle
   964 | D:2      | Reached XP level 3. HP: 34/34 MP: 2/2
  1048 | D:2      | Found the +5 Force Lance {heavy, knockback}
  1145 | D:2      | Reached XP level 4. HP: 41/41 MP: 3/3
  1432 | D:3      | Gained mutation: You are somewhat resistant to further
                  | mutation. [potion of mutation]
  1432 | D:3      | Gained mutation: You are covered in fur. (AC +1) [potion of
                  | mutation]
  1441 | D:3      | Reached skill level 5 in Fighting
  1441 | D:3      | Reached XP level 5. HP: 13/48 MP: 4/4
  1629 | D:3      | Noticed Grinder
  1639 | D:3      | Paralysed by Grinder for 5 turns
  1652 | D:3      | Paralysed by Grinder for 5 turns
  1662 | D:3      | Killed Grinder
  1663 | D:3      | Reached skill level 5 in Axes
  1663 | D:3      | Reached XP level 6. HP: 12/57 MP: 5/5
  1982 | D:3      | You fall into a shaft and drop 3 floors!
  2005 | D:5      | Entered Level 5 of the Dungeon
  2041 | D:4      | Reached skill level 6 in Fighting
  2143 | D:3      | Reached skill level 5 in Armour
  2246 | D:3      | Reached skill level 5 in Shields
  2307 | D:3      | Reached XP level 7. HP: 60/63 MP: 6/6
  3268 | D:4      | Found a runed translucent door.
  3269 | D:4      | Noticed Crazy Yiuf
  3709 | D:5      | Reached skill level 7 in Fighting
  3946 | D:5      | Reached XP level 8. HP: 58/73 MP: 7/7
  4245 | D:5      | Reached skill level 8 in Fighting
  4912 | D:6      | Found a staircase to the Ecumenical Temple.
  5251 | D:6      | Paralysed by a gnoll for 4 turns
  5512 | Temple   | Entered the Ecumenical Temple
  5540 | Temple   | Became a worshipper of Cheibriados the Contemplative
  5587 | D:6      | Found a hide-covered altar of Uskayaw.
  5718 | D:6      | Noticed Blork the orc
  5729 | D:6      | Killed Blork the orc
  5730 | D:6      | Reached skill level 9 in Fighting
  5730 | D:6      | Reached XP level 9. HP: 72/83 MP: 8/8
  5813 | D:6      | Noticed Menkaure
  5818 | D:6      | Killed Menkaure
  6565 | D:7      | Identified the +0 trident "Duer Fen" {heavy, rN+ Str+3
                  | Int+3}
  6599 | D:7      | Found Vajirag's Serpentskin Sales.
  6605 | D:7      | Reached * piety under Cheibriados
  6927 | D:8      | Identified the +6 chain mail "Tulinocs" {Str-5 Int-3 Slay+6
                  | SInv}
  6977 | D:8      | Noticed Psyche
  6987 | D:8      | Reached skill level 10 in Fighting
  6996 | D:8      | Killed Psyche
  6997 | D:8      | Reached skill level 10 in Axes
  7205 | D:8      | Reached ** piety under Cheibriados
  7206 | D:8      | Reached XP level 10. HP: 77/94 MP: 9/9
  7638 | D:8      | Reached skill level 1 in Invocations
  7818 | D:9      | Found a white marble altar of Elyvilon.
  7819 | D:9      | Found a sparkling altar of Nemelex Xobeh.
  7822 | D:9      | Found an opulent altar of Gozag.
  7822 | D:9      | Found a burning altar of Makhleb.
  7823 | D:9      | Found a basalt altar of Yredelemnul.
  7823 | D:9      | Found a radiant altar of Vehumet.
  7823 | D:9      | Noticed Maurice
  7824 | D:9      | Found a glowing golden altar of the Shining One.
  7836 | D:9      | Killed Maurice
  7837 | D:9      | Reached skill level 11 in Fighting
  7918 | D:9      | Identified the orb of the Treeataur {mayhem, Harm Int+4}
  7964 | D:9      | Reached *** piety under Cheibriados
  7974 | D:9      | Noticed Pikel
  7979 | D:9      | Killed Pikel
  8984 | D:10     | Entered Level 10 of the Dungeon
  8984 | D:10     | Noticed Harold
  8984 | D:10     | Found a staircase to the Orcish Mines.
  9094 | D:10     | Killed Harold
  9095 | D:10     | Reached skill level 12 in Fighting
  9095 | D:10     | Reached XP level 11. HP: 104/104 MP: 12/12
  9255 | D:10     | Reached **** piety under Cheibriados
  9256 | D:10     | Noticed Grum
  9262 | D:10     | Killed Grum
  9305 | D:10     | Noticed Erolcha
  9310 | D:10     | Killed Erolcha
  9503 | D:10     | Found a shimmering blue altar of Sif Muna.
  9808 | D:10     | Found a blossoming altar of Fedhas.
  9811 | D:10     | Found a shimmering altar of Xom.
 10098 | D:11     | Found a portal to a secret trove of treasure.
 10249 | D:11     | Reached ***** piety under Cheibriados
 10885 | D:11     | Reached skill level 13 in Fighting
 10955 | D:11     | Found a staircase to the Lair.
 11259 | Lair:1   | Entered Level 1 of the Lair of Beasts
 11351 | Lair:1   | Noticed Amaemon
 11362 | Lair:1   | Killed Amaemon
 11363 | Lair:1   | Reached skill level 10 in Shields
 11391 | Lair:1   | Identified the +0 sling "Wifylaut" {freeze, Dex+5}
 11403 | Lair:1   | Reached skill level 10 in Armour
 11405 | Lair:1   | Reached XP level 12. HP: 115/115 MP: 14/14
 11427 | Lair:1   | Noticed Fannar
 11434 | Lair:1   | Killed Fannar
 11638 | Lair:1   | Reached skill level 5 in Invocations
 12415 | Lair:2   | Noticed a four-headed hydra
 12431 | Lair:2   | Killed a ten-headed hydra
 12432 | Lair:2   | Reached skill level 14 in Fighting
 12883 | Lair:2   | Reached ****** piety under Cheibriados
 12897 | Lair:2   | You fall into a shaft and drop 2 floors!
 13100 | Lair:3   | Found a staircase to the Swamp.
 13116 | Lair:3   | Reached XP level 13. HP: 96/125 MP: 16/16
 13208 | Lair:3   | Reached skill level 15 in Fighting
 13340 | Lair:3   | Reached skill level 15 in Axes
 13385 | Lair:3   | Found a staircase to the Snake Pit.
 15191 | Lair:4   | Found a runed translucent gate.
 15192 | Lair:4   | Found a runed translucent gate.
 15192 | Lair:4   | Found a runed translucent gate.
 15194 | Lair:4   | Noticed Kely's ghost (journeyman OpSh)
 15302 | Lair:4   | Killed Kely's ghost
 15640 | Lair:4   | Found a viscous altar of Jiyva.
 15641 | Lair:4   | Found a staircase to the Slime Pits.
 16112 | Lair:5   | Entered Level 5 of the Lair of Beasts
 16118 | Lair:5   | Reached skill level 1 in Dodging
 16134 | Lair:5   | Reached skill level 16 in Fighting
 16394 | Lair:5   | Reached XP level 14. HP: 131/137 MP: 18/18
 17138 | Lair:5   | Found a large runed translucent door.
 17138 | Lair:5   | Found a large runed translucent door.
 18321 | D:12     | Noticed Nergalle
 18335 | D:12     | Killed Nergalle
 18336 | D:12     | Reached skill level 17 in Fighting
 18808 | D:13     | Found a burning altar of Makhleb.
 19443 | D:13     | Reached skill level 5 in Dodging
 19632 | D:13     | Found a gate to the Vaults.
 19894 | D:14     | Reached XP level 15. HP: 132/147 MP: 20/20
 20237 | D:14     | Found Tepluyqo's Overcharged Wands.
 20757 | D:14     | Identified the +2 scale mail "Wycvuw" {Str+3}
 21084 | D:15     | Entered Level 15 of the Dungeon
 21117 | D:15     | Reached skill level 18 in Fighting
 21382 | D:15     | Found a staircase to the Depths.
 21816 | D:15     | Found a runed translucent gate.
 21818 | D:15     | Found a runed translucent gate.
 21818 | D:15     | Found a runed translucent gate.
 21821 | D:15     | Noticed Ifijom's ghost (adept NaSh)
 21922 | D:15     | Reached skill level 15 in Shields
 22836 | D:15     | Killed Ifijom's ghost
 22839 | D:15     | Identified the +0 hat of Pandemonium {*Corrode Fly MP+9
                  | Dex+9}
 23119 | D:15     | Identified a scroll of acquirement
 23257 | Orc:1    | Entered Level 1 of the Orcish Mines
 23643 | Orc:1    | Reached XP level 16. HP: 150/159 MP: 22/22
 23646 | Orc:1    | Reached skill level 19 in Fighting
 23697 | Orc:1    | Identified the +1 battleaxe "Leviticus" {freeze, rPois rF+
                  | rC+}
 24171 | Orc:2    | Entered Level 2 of the Orcish Mines
 24395 | Orc:2    | Paralysed by an orc sorcerer for 3 turns
 24400 | Orc:2    | Reached skill level 10 in Invocations
 24710 | Orc:2    | Found Golassun's General Store.
 24731 | Orc:2    | Found Haull's Weapon Boutique.
 24793 | Orc:2    | Found a staircase to the Elven Halls.
 25080 | Orc:2    | Found Fuam's General Store.
 25105 | Orc:2    | Bought a scroll of revelation for 82 gold pieces
 25105 | Orc:2    | Bought a scroll of blinking for 82 gold pieces
 25113 | Orc:2    | Paralysed by an orc sorcerer for 5 turns
 25687 | Snake:1  | Entered Level 1 of the Snake Pit
 26185 | Snake:4  | Entered Level 4 of the Snake Pit
 26227 | Snake:4  | Found Nauvvait's Antique Weapon Shoppe.
 26886 | Snake:4  | Reached skill level 15 in Armour
 26911 | Snake:4  | Found a runed translucent gate.
 26911 | Snake:4  | Found a runed translucent gate.
 26911 | Snake:4  | Found a runed translucent gate.
 27240 | Snake:4  | Reached skill level 20 in Fighting
 27720 | Snake:4  | Reached XP level 17. HP: 170/170 MP: 24/24
 27766 | Snake:4  | Reached skill level 10 in Dodging
 28099 | Snake:4  | Got a serpentine rune of Zot
 28191 | Snake:4  | Identified the +12 dagger of Cocytus {antimagic, Str+3}
 28464 | Swamp:1  | Entered Level 1 of the Swamp
 28810 | Swamp:4  | Entered Level 4 of the Swamp
 29202 | Swamp:4  | Reached skill level 21 in Fighting
 29335 | Swamp:4  | Got a decaying rune of Zot
 29340 | Swamp:4  | Got a mossy gem with 481 turns to spare
 29694 | Depths:1 | Entered Level 1 of the Depths
 29697 | Depths:1 | Found a one-way gate to the infinite horrors of the Abyss.
 30338 | Depths:2 | Identified the ring "Wetwaqi Ynea" {Ice rN+ Int+5}
 30338 | Depths:2 | Noticed Josephina
 30651 | Depths:3 | You are sucked into a shaft and drop 1 floor!
 30651 | Depths:4 | Entered Level 4 of the Depths
 30651 | Depths:4 | Found a flickering gateway to a bazaar.
 30662 | Bazaar   | Entered a bazaar
 30666 | Bazaar   | Found Kitsemm's Magic Scroll Boutique.
 30672 | Bazaar   | Bought a scroll of blinking for 67 gold pieces
 30683 | Bazaar   | Found Wem Lef's Antique Armour Emporium.
 30707 | Bazaar   | Found Tollatue's Book Boutique.
 30723 | Bazaar   | Found Ham Aso's Magic Scroll Shoppe.
 30752 | Bazaar   | Bought a scroll of enchant armour for 105 gold pieces
 30752 | Bazaar   | Bought a scroll of enchant armour for 105 gold pieces
 30752 | Bazaar   | Bought a scroll of enchant weapon for 105 gold pieces
 30782 | Bazaar   | Bought a pair of glowing boots for 195 gold pieces
 30837 | Depths:4 | Found a one-way gateway to a ziggurat.
 30925 | Depths:4 | Noticed a sphinx
 30930 | Depths:4 | Killed a sphinx
 30987 | Depths:4 | Reached XP level 18. HP: 151/182 MP: 26/26
 31527 | Depths:4 | Found a gateway to Hell.
 31809 | Depths:4 | Found a gate to the Realm of Zot.
 32459 | Depths:3 | Reached skill level 22 in Fighting
 32759 | Depths:3 | Found a sacrificial altar of Ru.
 32759 | Depths:3 | Found a glowing silver altar of Zin.
 32760 | Depths:3 | Found a broken altar of Ashenzari.
 33325 | Depths:4 | Acquired a ring of willpower
 33356 | Depths:4 | Gained mutation: Your body sometimes deteriorates upon
                  | taking damage. [mutagenic glow]
 33374 | Depths:4 | Gained mutation: You occasionally shout uncontrollably at
                  | your foes. [mutagenic glow]
 33432 | Abyss:4  | Cast into level 4 of the Abyss (unwielding a weapon of
                  | distortion)
 33644 | Abyss:4  | Found a corrupted altar of Lugonu.
 33663 | Abyss:4  | Found a snail-covered altar of Cheibriados.
 33663 | Abyss:4  | Found a corrupted altar of Lugonu.
 33764 | Abyss:4  | Noticed a profane servitor
 33765 | Abyss:4  | Noticed a lich
 33765 | Abyss:4  | Noticed a lich
 33765 | Abyss:4  | Noticed a lich
 33769 | Abyss:4  | Noticed a lich
 33774 | Abyss:4  | Noticed a dread lich
 33776 | Abyss:4  | Killed a lich
 33776 | Abyss:4  | Killed a lich
 33777 | Abyss:4  | Killed a profane servitor
 33777 | Abyss:4  | Killed a lich
 33777 | Abyss:4  | Killed a lich
 33777 | Abyss:4  | Noticed a lich
 33777 | Abyss:4  | Blown up by a lich

Illustrated notes

Levels and vault maps discovered:
D:1:      minmay_arrival_jagged, layout_basic
D:2:      layout_rooms, basic_altar
D:3:      layout_basic, uniq_grinder
D:4:      layout_cave_pools, minmay_misc_feat_four_crosses, minivault_27,
          chequers_serial_rivers_micro_b, uniq_crazy_yiuf_cottage
D:5:      layout_loops_corners
D:6:      layout_cave_pools, mainiacjoe_overflow_chevrons,
          minmay_temple_entry_slanted, hangedman_decor_peaks_small,
          hangedman_abyss_or_decor_lesser_grid, uniq_menkaure,
          uniq_blork_the_orc
D:7:      layout_rooms, amcnicky_mini_corridor_feature, guppyfry_shop_venom
D:8:      layout_loops_ring, kennysheep_generic_room_14, uniq_psyche
D:9:      layout_basic, grunt_temple_overflow_open, uniq_maurice, uniq_pikel
D:10:     layout_cave_pools, mainiacjoe_overflow_brackets,
          jmf_multi_god_temple2, nicolae_sextant, uniq_harold, uniq_erolcha,
          uniq_grum
D:11:     layout_stronghold, grunt_lair_entry_orc_guard_hut,
          nicolae_trove_entry_crystal
D:12:     layout_irregular_city, uniq_nergalle
D:13:     layout_roguey, david_vaults_4, serial_ice, serial_ice_k, serial_ice_g,
          serial_ice_a, serial_ice_f, demons_altar
D:14:     layout_irregular_city, dreamdust_princess_corridor,
          nicolae_shop_overcharged_wands
D:15:     grunt_enter_depths_hoard, layout_basic, special_room
          [special_room_bee], gammafunk_ghost_hydra_chop
Temple:   grunt_temple_mini_profane
Lair:1:   layout_cave_pods, lemuel_fruit_tree, uniq_amaemon, uniq_fannar
Lair:2:   layout_regular_city, infiniplex_staircase_pool_2
Lair:3:   layout_cave_pods, mainiacjoe_swamp_entry_lozenge_pond,
          nicolae_snake_entry_warm_welcome
Lair:4:   layout_regular_city, dpeg_slime_entry_corner,
          gammafunk_ghost_necromancy, st_stairs_9
Lair:5:   cheibrodos_lair_end_hotspot, layout_regular_city, st_stairs_6,
          kennysheep_abandoned_house
Swamp:1:  layout_falls_marsh, nicolae_swamp_triple_paths
Swamp:2:  layout_falls_marsh, hangedman_swamp_lotus, swamp_pool_1_2,
          st_swamp_ruins_1, nicolae_swamp_tree_isthmus
Swamp:3:  layout_falls_marsh, hangedman_swamp_ruin_hall, nicolae_swamp_godswood
Swamp:4:  swamp_basic_johnstein, layout_basic_swamp
Snake:1:  kennysheep_snake, layout_chambers, nicolae_snake_magic_snake_eye,
          uniq_agnes, uniq_kirke
Snake:2:  layout_gridlike, grunt_megastairs_3
Snake:3:  layout_layer_cave, serial_shops, nicolae_shop_bloodbath_and_beyond,
          grunt_ministairs_14, drop_trap
Snake:4:  grunt_snake_rune_spirals, layout_onion, gammafunk_ghost_cemetery,
          serial_shops, shop
Orc:1:    giant_chief_lemuel, layout_diamond_mine, serial_shops
Orc:2:    st_orc_town, layout_diamond_mine, nicolae_volcano_entry_s_turn,
          minmay_orc_temple_a
Depths:1: layout_gridlike, hell_entry, abyss_entry, rand_demon_pan_entry_8,
          fedhas_altar_3, kennysheep_generic_room_15
Depths:2: minmay_the_grid_triangle_9x9_rhombus_full_mashed
          [minmay_the_grid_triangle_9x9_tough_junction,
          minmay_the_grid_triangle_9x9_zippers_horizontal,
          minmay_the_grid_triangle_9x9_wacky_v,
          minmay_the_grid_triangle_9x9_pentomino_pain,
          minmay_the_grid_triangle_9x9_swiss_cheese,
          minmay_the_grid_triangle_9x9_sprig,
          minmay_the_grid_triangle_9x9_steps,
          minmay_the_grid_triangle_9x9_prize_insulated], layout_cave_pools,
          serial_shops, kennysheep_little_box,
          gammafunk_ghost_wrathful_warriors, abyss_entry, grunt_hell_horde,
          rand_demon_pan_entry_4, uniq_grunn, uniq_josephina
Depths:3: hangedman_slaughterboxes, hell_entry, abyss_entry
Depths:4: evilmike_zot_entry_basic, layout_gridlike, enter_ziggurat_e,
          abyss_entry, serial_shops, bzr_in_the_mist, hangedman_coc_ice_floe
Abyss:4:  base: Swamp:2, evilmike_abyss_exit_vortex, evilmike_abyss_exit_12,
          hangedman_abyss_or_decor_jellyfish_corner, due_exit_kobolds,
          abyss_exit_lava, due_evilmike_abyss_rune_seething_liches,
          due_evilmike_abyss_rune_seething_liches

Skill      XL: |  1  2  3  4  5  6  7  8  9 10 11 12 13 14 15 16 17 18 |
---------------+-------------------------------------------------------+-----
Fighting       | 4 5 6 7 9 10 12 13 14 16 17 18 20 21 22 | 22.5
Axes           | 3 4 5 7 8 10 11 13 14 16 17 18 | 18.0
Armour         | 4 5 6 7 8 10 11 12 13 14 15 17 18 | 18.6
Shields        | 4 5 6 7 8 10 11 12 14 15 | 15.0
Invocations    | 3 4 6 7 8 9 11 12 | 12.0
Dodging        | 2 5 7 9 12 13 | 13.9

Action                     |  1- 3 |  4- 6 |  7- 9 | 10-12 | 13-15 | 16-18 || total
---------------------------+-------+-------+-------+-------+-------+-------++-------
  Melee: War axe           |    45 |       |       |       |       |       ||    45
         Headbutt          |     5 |    13 |    57 |    89 |   221 |   317 ||   702
         Lance             |     5 |     2 |       |       |       |       ||     7
         Broad axe         |       |    71 |   263 |   362 |   828 |   973 ||  2497
 Invoke: Slouch            |       |       |       |       |     3 |    11 ||    14
         Step From Time    |       |       |       |       |       |     2 ||     2
  Evoke: Wand              |       |       |     1 |     2 |       |     3 ||     6
    Use: Scroll            |       |     4 |     7 |     9 |     8 |    10 ||    38
         Potion            |       |     1 |     3 |       |     1 |     2 ||     7
   Stab: Paralysed         |       |       |       |     2 |       |       ||     2
         Confused          |       |       |       |       |       |     1 ||     1
         Distracted        |       |       |       |       |       |     2 ||     2
 Armour: Scale mail        |    28 |    63 |    85 |       |       |       ||   176
         Plate armour      |       |       |    51 |       |       |       ||    51
         Chain mail        |       |       |     3 |   220 |   496 |   311 ||  1030
  Dodge: Dodged            |    20 |    53 |   138 |   154 |   403 |   476 ||  1244
  Block: Buckler           |     9 |     8 |    37 |       |       |       ||    54
         Kite shield       |       |       |   149 |   426 |   852 |   251 ||  1678
         Reflection        |       |       |     5 |    12 |    56 |    96 ||   169
         Tower shield      |       |       |       |       |       |  1069 ||  1069

Table legend: (Time is in decaauts)
 A = Elapsed time spent in this place.
 B = Non-inter-level travel time spent in this place.
 C = Inter-level travel time spent in this place.
 D = Time resting spent in this place.
 E = Time spent auto-exploring this place.
 F = Levels seen in this place.
 G = Mean time per level.
                   A        B        C        D        E       F      G
               +--------+--------+--------+--------+--------+-----+--------+
         Total |  49880 |  46373 |   3507 |   3247 |  36558 |  37 | 1348.1 |
       Dungeon |  22931 |  21577 |   1354 |   1097 |  17891 |  15 | 1528.7 |
        Temple |     58 |      3 |     55 |      0 |      0 |   1 |   58.0 |
          Lair |  11821 |  10861 |    960 |    276 |   9281 |   5 | 2364.2 |
         Swamp |   1611 |   1259 |    352 |     23 |    790 |   4 |  402.8 |
     Snake Pit |   3544 |   3278 |    266 |    812 |   1782 |   4 |  886.0 |
  Orcish Mines |   4012 |   3658 |    354 |      0 |   3200 |   2 | 2006.0 |
        Depths |   5099 |   4935 |    164 |    953 |   3377 |   4 | 1274.8 |
         Abyss |    510 |    510 |      0 |     86 |     84 |   1 |  510.0 |
        Bazaar |    291 |    291 |      0 |      0 |    151 |   1 |  291.0 |
               +--------+--------+--------+--------+--------+-----+--------+

Top non-repeatable levels by time:
    D:15: 3372 daAuts
  Lair:5: 2677 daAuts
Depths:4: 2599 daAuts
  Lair:3: 2560 daAuts
  Lair:2: 2449 daAuts
    D:11: 2447 daAuts
   Orc:2: 2352 daAuts
 Snake:4: 2199 daAuts
  Lair:1: 2102 daAuts
    D:14: 2093 daAuts
  Lair:4: 2032 daAuts
     D:9: 1949 daAuts
    D:13: 1693 daAuts
     D:5: 1669 daAuts
   Orc:1: 1659 daAuts
